ITL
TUSCALOOSA TROUT SLAYERS @ TOPEKA TORNADOS
08/20/2026
 
TOP OF THE 1ST
Tuscaloosa Trout Slayers batting - Pitching for Topeka Tornados : RHP Willie St. John
Pitching: RHP Willie St. John
Batting: RHB Pat Fullerton 0-0: Called Strike
0-1: Called Strike
0-2: Strikes out swinging
Batting: LHB Ed Murray 0-0: Ball
1-0: Swinging Strike
1-1: Ball
2-1: Foul Ball, location: 2F
2-2: Ground out 4-3 (Groundball, 34D)
Batting: LHB Albert Morgan 0-0: Ball
1-0: Ground out 6-3 (Groundball, 6)
Top of the 1st over - 0 run(s), 0 hit(s), 0 error(s), 0 left on base; Tuscaloosa 0 - Topeka 0
BOTTOM OF THE 1ST
Topeka Tornados batting - Pitching for Tuscaloosa Trout Slayers : RHP Jesús Zapata
Pitching: RHP Jesús Zapata
Batting: SHB Martín Medina 0-0: Swinging Strike
0-1: Fly out, F7 (Line Drive, 7M)
Batting: LHB Pedro Cruz 0-0: Swinging Strike
0-1: Ball
1-1: Ball
2-1: Ball
3-1: Base on Balls
Batting: RHB Bob Hall 0-0: Called Strike
0-1: Ball
1-1: Ball
2-1: Fly out, F8 (Flyball, 8RM)
Batting: LHB Eric Peterson 0-0: Ball
1-0: Foul Ball, location: 2F
1-1: Fielders Choice at 2nd, 6-4 (Groundball, 6)
Bottom of the 1st over - 0 run(s), 0 hit(s), 0 error(s), 0 left on base; Tuscaloosa 0 - Topeka 0
TOP OF THE 2ND
Tuscaloosa Trout Slayers batting - Pitching for Topeka Tornados : RHP Willie St. John
Batting: LHB Marcos Villarreal 0-0: Called Strike
0-1: Ball
1-1: Ball
2-1: Called Strike
2-2: SINGLE (Groundball, 4MD)
Batting: RHB Ryan McBride 0-0: Called Strike
Marcos Villarreal steals 2nd base
0-1: Ball
1-1: Called Strike
1-2: SINGLE (Line Drive, 8RS)
Marcos Villarreal to third
Runner from 3rd tries for Home, SAFE, throw made home
Ryan McBride to second
Batting: RHB Shigemasa Ishida 0-0: Ball
1-0: Called Strike
1-1: Ground out 5-3 (Groundball, 5S)
Ryan McBride to third
Batting: RHB Lawrence Yates 0-0: Ball
1-0: Ground out 6-3 (Groundball, 6M)
Ryan McBride scores
Batting: RHB Tetsunori Ito 0-0: Ball
1-0: Ground out 4-3 (Groundball, 4M)
Top of the 2nd over - 2 run(s), 2 hit(s), 0 error(s), 0 left on base; Tuscaloosa 2 - Topeka 0
BOTTOM OF THE 2ND
Topeka Tornados batting - Pitching for Tuscaloosa Trout Slayers : RHP Jesús Zapata
Batting: RHB Gabriel Santana 0-0: Foul Ball, location: 2F
0-1: Swinging Strike
0-2: Ball
1-2: Hit by Pitch
Batting: RHB Don Thomas 0-0: Called Strike
0-1: Foul Ball, location: 2F
0-2: Ball
1-2: Ball
2-2: Strikes out swinging
Batting: LHB Ramón Pérez 0-0: Ball
1-0: Ball
2-0: SINGLE (Line Drive, 6MD)
Gabriel Santana to second
Batting: RHB Cho-yun Qiao 0-0: Ball
1-0: Ball
2-0: SINGLE (Line Drive, 56D)
Gabriel Santana to third
Ramón Pérez to second
Runner from 3rd tries for Home, SAFE, throw made at trailing runner, SAFE at third!
Batting: RHB Armando Méndez 0-0: Called Strike
0-1: Ball
1-1: Called Strike
1-2: Strikes out swinging
Batting: SHB Martín Medina 0-0: Ball
1-0: Ball
2-0: SINGLE (Groundball, 15) (infield hit)
Ramón Pérez scores
Cho-yun Qiao to second
Batting: LHB Pedro Cruz 0-0: Fly out, F5 (Popup, 5SF)
Bottom of the 2nd over - 2 run(s), 3 hit(s), 0 error(s), 2 left on base; Tuscaloosa 2 - Topeka 2
TOP OF THE 3RD
Tuscaloosa Trout Slayers batting - Pitching for Topeka Tornados : RHP Willie St. John
Batting: RHB Jason Erickson 0-0: Called Strike
0-1: Ball
1-1: Ball
2-1: Foul Ball, location: 2F
2-2: SINGLE (Groundball, 56)
Batting: RHB Pat Fullerton 0-0: Called Strike
0-1: Foul Ball, location: 2F
0-2: Foul Ball, location: 2F
0-2: Foul Ball, location: 2F
0-2: Foul Ball, location: 2F
0-2: Foul Ball, location: 2F
0-2: Foul Ball, location: 2F
0-2: SINGLE (Groundball, 56D)
Jason Erickson to second
Batting: LHB Ed Murray 0-0: Ball
1-0: Ball
2-0: Grounds into double play, 4-6-3 (Groundball, 4)
Jason Erickson to third
Batting: LHB Albert Morgan 0-0: Called Strike
0-1: Foul Ball, location: 2F
0-2: Ball
1-2: Fly out, F9 (Flyball, 89M)
Top of the 3rd over - 0 run(s), 2 hit(s), 0 error(s), 1 left on base; Tuscaloosa 2 - Topeka 2
BOTTOM OF THE 3RD
Topeka Tornados batting - Pitching for Tuscaloosa Trout Slayers : RHP Jesús Zapata
Batting: RHB Bob Hall 0-0: Reached on error, E5 (Groundball, 5L)
Batting: LHB Eric Peterson 0-0: Ball
1-0: Ground out U3 (Groundball, 3L)
Bob Hall to third
Batting: RHB Gabriel Santana 0-0: Called Strike
0-1: Ball
1-1: Called Strike
1-2: Strikes out swinging
Batting: RHB Don Thomas 0-0: SINGLE (Groundball, 56)
Bob Hall scores
Batting: LHB Ramón Pérez 0-0: Called Strike
0-1: Ball
1-1: SINGLE (Groundball, 34D)
Don Thomas to second
Runner from 2nd tries for 3rd, SAFE, no throw or cutoff
Batting: RHB Cho-yun Qiao 0-0: Ball
1-0: SINGLE (Groundball, 6MD)
Don Thomas scores
Ramón Pérez to second
Runner from 2nd tries for 3rd, SAFE, no throw or cutoff
Batting: RHB Armando Méndez 0-0: Called Strike
0-1: Foul Ball, location: 2F
0-2: Ball
1-2: Ball
2-2: Ball
3-2: Foul Ball, location: 2F
3-2: Foul Ball, location: 2F
3-2: Strikes out swinging
Bottom of the 3rd over - 2 run(s), 3 hit(s), 1 error(s), 2 left on base; Tuscaloosa 2 - Topeka 4
TOP OF THE 4TH
Tuscaloosa Trout Slayers batting - Pitching for Topeka Tornados : RHP Willie St. John
Batting: LHB Marcos Villarreal 0-0: Called Strike
0-1: Ball
1-1: Foul Ball, location: 2F
1-2: Strikes out swinging
Batting: RHB Ryan McBride 0-0: Ground out 5-3 (Groundball, 56)
Batting: RHB Shigemasa Ishida 0-0: Ball
1-0: Ball
2-0: Ball
3-0: Called Strike
3-1: Base on Balls
Batting: RHB Lawrence Yates 0-0: Ball
1-0: Foul Ball, location: 2F
1-1: Ball
2-1: Called Strike
2-2: Ball
3-2: Foul Ball, location: 2F
3-2: Ground out 6-3 (Groundball, 6)
Top of the 4th over - 0 run(s), 0 hit(s), 0 error(s), 1 left on base; Tuscaloosa 2 - Topeka 4
BOTTOM OF THE 4TH
Topeka Tornados batting - Pitching for Tuscaloosa Trout Slayers : RHP Jesús Zapata
Batting: SHB Martín Medina 0-0: Called Strike
0-1: Called Strike
0-2: Strikes out swinging
Batting: LHB Pedro Cruz 0-0: Called Strike
0-1: Ball
1-1: Ball
2-1: Ball
3-1: Called Strike
3-2: DOUBLE (Line Drive, 78M)
Batting: RHB Bob Hall 0-0: Foul Ball, location: 2F
0-1: Ground out U3 (Groundball, 3S)
Pedro Cruz to third
Batting: LHB Eric Peterson 0-0: Ball
1-0: Ball
2-0: Ball
3-0: Called Strike
3-1: Called Strike
3-2: DOUBLE (Line Drive, 9LS)
Pedro Cruz scores
Batting: RHB Gabriel Santana 0-0: Called Strike
0-1: Ball
1-1: Ball
2-1: Foul Ball, location: 2F
2-2: Foul Ball, location: 2F
2-2: Foul Ball, location: 2F
2-2: Foul Ball, location: 2F
2-2: Foul Ball, location: 2F
2-2: Ball
3-2: Base on Balls
Batting: RHB Don Thomas 0-0: Ball
1-0: Foul Ball, location: 2F
1-1: Foul Ball, location: 2F
1-2: Fly out, F9 (Flyball, 9S)
Bottom of the 4th over - 1 run(s), 2 hit(s), 0 error(s), 2 left on base; Tuscaloosa 2 - Topeka 5
TOP OF THE 5TH
Tuscaloosa Trout Slayers batting - Pitching for Topeka Tornados : RHP Willie St. John
Batting: RHB Tetsunori Ito 0-0: SINGLE (Groundball, 6MD)
Batting: RHB Jason Erickson 0-0: Called Strike
0-1: Foul Ball, location: 2F
0-2: SINGLE (Line Drive, 9LS)
Tetsunori Ito to second
Batting: RHB Pat Fullerton 0-0: Ball
1-0: Called Strike
1-1: Called Strike
1-2: Ball
2-2: Ball
3-2: Foul Ball, location: 2F
3-2: Base on Balls
Tetsunori Ito to third
Jason Erickson to second
Batting: LHB Ed Murray 0-0: Called Strike
0-1: Foul Ball, location: 2F
0-2: Ball
1-2: Ball
2-2: Ball
3-2: Strikes out swinging
Batting: LHB Albert Morgan 0-0: Ball
1-0: Called Strike
1-1: Fielders Choice at 2nd, 4-6 (Groundball, 4)
Tetsunori Ito scores
Jason Erickson to third
Batting: LHB Marcos Villarreal 0-0: SINGLE (Flyball, 7LM)
Jason Erickson scores
Albert Morgan to second
Batting: RHB Ryan McBride 0-0: Ball
1-0: Ball
2-0: Called Strike
2-1: Ball
3-1: Fielders Choice at 2nd, U4 (Groundball, 4M)
Top of the 5th over - 2 run(s), 3 hit(s), 0 error(s), 2 left on base; Tuscaloosa 4 - Topeka 5
BOTTOM OF THE 5TH
Topeka Tornados batting - Pitching for Tuscaloosa Trout Slayers : RHP Jesús Zapata
Batting: LHB Ramón Pérez 0-0: Called Strike
0-1: Swinging Strike
0-2: Foul Ball, location: 2F
0-2: Ball
1-2: SINGLE (Flyball, 8LS)
Pitching: RHP Jules Côté
Batting: RHB Cho-yun Qiao 0-0: Foul Ball, location: 2F
0-1: Ball
1-1: Ball
2-1: Ball
3-1: Foul Ball, location: 2F
3-2: Base on Balls
Ramón Pérez to second
Batting: RHB Armando Méndez 0-0: Called Strike
0-1: SINGLE (Groundball, 6MD)
Ramón Pérez to third
Cho-yun Qiao to second
Batting: SHB Martín Medina 0-0: SINGLE (Groundball, 6MD)
Ramón Pérez scores
Cho-yun Qiao to third
Armando Méndez to second
Batting: LHB Pedro Cruz 0-0: Ball
Wild Pitch!
Cho-yun Qiao scores
Armando Méndez to third
Martín Medina to second
1-0: Ball
2-0: Called Strike
2-1: Ball
3-1: Base on Balls
Batting: RHB Bob Hall 0-0: Swinging Strike
0-1: Ball
1-1: Called Strike
1-2: Strikes out swinging
Batting: LHB Eric Peterson 0-0: Called Strike
0-1: Foul Ball, location: 2F
0-2: Ball
1-2: Ball
2-2: Foul Ball, location: 2F
2-2: Ball
3-2: Base on Balls
Armando Méndez scores
Martín Medina to third
Pedro Cruz to second
Batting: RHB Gabriel Santana 0-0: Foul Ball, location: 2F
0-1: Ball
1-1: Ball
2-1: Foul Ball, location: 2F
2-2: Ball
3-2: Strikes out looking
Batting: RHB Don Thomas 0-0: Called Strike
0-1: Fly out, F7 (Flyball, 7M)
Bottom of the 5th over - 3 run(s), 3 hit(s), 0 error(s), 3 left on base; Tuscaloosa 4 - Topeka 8
TOP OF THE 6TH
Tuscaloosa Trout Slayers batting - Pitching for Topeka Tornados : RHP Willie St. John
Pitching: LHP Pedro Vega
Batting: RHB Shigemasa Ishida 0-0: Fly out, F8 (Line Drive, 8LXD)
Batting: RHB Lawrence Yates 0-0: Ball
1-0: Called Strike
1-1: Ball
2-1: Foul Ball, location: 2F
2-2: Foul Ball, location: 2F
2-2: Ball
3-2: Base on Balls
Batting: RHB Tetsunori Ito 0-0: Called Strike
0-1: Ball
1-1: Foul Ball, location: 2F
1-2: Ground out U3 (Groundball, 3S)
Lawrence Yates to second
Batting: RHB Jason Erickson 0-0: Called Strike
0-1: DOUBLE (Line Drive, 9LS)
Lawrence Yates scores
Batting: RHB Pat Fullerton 0-0: Ball
1-0: Ball
2-0: Ball
3-0: Called Strike
3-1: SINGLE (Groundball, 56D)
Jason Erickson to third
Runner from 3rd tries for Home, SAFE, no throw or cutoff
Batting: LHB Ed Murray Pickoff Throw to First - Out!
Top of the 6th over - 2 run(s), 2 hit(s), 0 error(s), 0 left on base; Tuscaloosa 6 - Topeka 8
BOTTOM OF THE 6TH
Topeka Tornados batting - Pitching for Tuscaloosa Trout Slayers : RHP Jules Côté
Pitching: LHP Claude Pinard
Batting: LHB Ramón Pérez 0-0: Foul Ball, location: 2F
0-1: Swinging Strike
0-2: Foul Ball, location: 2F
0-2: Strikes out swinging
Batting: RHB Cho-yun Qiao 0-0: Ball
1-0: Foul Ball, location: 2F
1-1: Ball
2-1: Foul Ball, location: 2F
2-2: Ball
3-2: DOUBLE (Line Drive, 78XD)
Batting: RHB Armando Méndez 0-0: Ball
1-0: Ball
2-0: Ball
3-0: Base on Balls
Batting: SHB Martín Medina 0-0: Ball
1-0: Foul Ball, location: 2F
1-1: Fly out, F9 (Flyball, 89D)
Runner from 2nd tags up, SAFE at 3rd, no throw
Batting: LHB Pedro Cruz 0-0: Called Strike
0-1: Foul Ball, location: 2F
0-2: Reached on error, E5 (Groundball, 5S)
Cho-yun Qiao scores
Armando Méndez to second
Batting: RHB Bob Hall 0-0: Ball
1-0: Foul Ball, location: 2F
1-1: Ground out 4-3 (Groundball, 4)
Bottom of the 6th over - 1 run(s), 1 hit(s), 1 error(s), 2 left on base; Tuscaloosa 6 - Topeka 9
TOP OF THE 7TH
Tuscaloosa Trout Slayers batting - Pitching for Topeka Tornados : LHP Pedro Vega
Batting: LHB Ed Murray 0-0: Called Strike
0-1: Ball
1-1: Foul Ball, location: 2F
1-2: Ball
2-2: SINGLE (Groundball, 4MD)
Batting: LHB Albert Morgan 0-0: Called Strike
0-1: Called Strike
0-2: DOUBLE (Line Drive, 8RXD)
Ed Murray to third
Batting: LHB Marcos Villarreal 0-0: Ball
1-0: Ball
2-0: 3-RUN HOME RUN (Flyball, 9D), Distance : 369 ft
Pitching: LHP Enrique Muńóz
Batting: RHB Ryan McBride 0-0: Foul Ball, location: 2F
0-1: Ball
1-1: Called Strike
1-2: Strikes out swinging
Batting: RHB Shigemasa Ishida 0-0: Fly out, F4 (Popup, 34D)
Batting: RHB Lawrence Yates 0-0: Foul Ball, location: 2F
0-1: Called Strike
0-2: Ball
1-2: Ball
2-2: Ball
3-2: SINGLE (Groundball, 15S) (infield hit)
Pinch Hitting: RHB José Fernández 0-0: Ball
1-0: Ball
2-0: Ball
3-0: Base on Balls
Lawrence Yates to second
Batting: RHB Jason Erickson 0-0: Ground out 2-3 (Groundball, 25)
Top of the 7th over - 3 run(s), 4 hit(s), 0 error(s), 2 left on base; Tuscaloosa 9 - Topeka 9
BOTTOM OF THE 7TH
Topeka Tornados batting - Pitching for Tuscaloosa Trout Slayers : LHP Claude Pinard
Now at SS: Wilford Lush
Batting: LHB Eric Peterson 0-0: Ball
1-0: Ball
2-0: Called Strike
2-1: Ball
3-1: Base on Balls
Batting: RHB Gabriel Santana 0-0: Called Strike
0-1: Ball
1-1: Grounds into double play, 4-6-3 (Groundball, 34)
Batting: RHB Don Thomas 0-0: Called Strike
0-1: Foul Ball, location: 2F
0-2: Ball
1-2: Foul Ball, location: 2F
1-2: DOUBLE (Flyball, 7D)
Pinch Hitting: RHB José Pinto 0-0: Foul Ball, location: 2F
0-1: Ball
1-1: Ball
2-1: Swinging Strike
2-2: Foul Ball, location: 2F
2-2: Foul Ball, location: 2F
2-2: Strikes out looking
Bottom of the 7th over - 0 run(s), 1 hit(s), 0 error(s), 1 left on base; Tuscaloosa 9 - Topeka 9
TOP OF THE 8TH
Tuscaloosa Trout Slayers batting - Pitching for Topeka Tornados : LHP Enrique Muńóz
Now at 1B: José Pinto
Batting: RHB Pat Fullerton 0-0: Ball
1-0: Foul Ball, location: 2F
1-1: Ball
2-1: Ball
3-1: Swinging Strike
3-2: Strikes out swinging
Pitching: RHP Clark Edwards
Batting: LHB Ed Murray 0-0: Ground out 4-3 (Groundball, 4S)
Batting: LHB Albert Morgan 0-0: Ball
1-0: Ball
2-0: Called Strike
2-1: Ground out U3 (Groundball, 3)
Top of the 8th over - 0 run(s), 0 hit(s), 0 error(s), 0 left on base; Tuscaloosa 9 - Topeka 9
BOTTOM OF THE 8TH
Topeka Tornados batting - Pitching for Tuscaloosa Trout Slayers : LHP Claude Pinard
Pitching: RHP Jesús Ramos
Batting: RHB Cho-yun Qiao 0-0: Ball
1-0: Called Strike
1-1: Ball
2-1: Foul Ball, location: 2F
2-2: Ball
3-2: Base on Balls
Pinch Hitting: LHB Tom Robinson 0-0: Sac Bunt - play at first, batter OUT! 5-4
Cho-yun Qiao to second
Batting: SHB Martín Medina 0-0: Called Strike
0-1: Ground out 3-1 (Groundball, 3)
Cho-yun Qiao to third
Batting: LHB Pedro Cruz 0-0: Ball
1-0: Foul Ball, location: 2F
1-1: Called Strike
1-2: Ball
2-2: Ball
3-2: SINGLE (Line Drive, 89S)
Cho-yun Qiao scores
Batting: RHB Bob Hall 0-0: Ball
1-0: Ball
2-0: Called Strike
2-1: SINGLE (Groundball, 5L) (infield hit)
Pedro Cruz to second
Batting: LHB Eric Peterson 0-0: Swinging Strike
0-1: Ball
1-1: Ball
2-1: Foul Ball, location: 2F
2-2: Strikes out swinging
Bottom of the 8th over - 1 run(s), 2 hit(s), 0 error(s), 2 left on base; Tuscaloosa 9 - Topeka 10
TOP OF THE 9TH
Tuscaloosa Trout Slayers batting - Pitching for Topeka Tornados : RHP Clark Edwards
Pitching: RHP Larry Jones
Now at 2B: José González
Now at 3B: Rusty Clinton
Batting: LHB Marcos Villarreal 0-0: Swinging Strike
0-1: Ball
1-1: Foul Ball, location: 2F
1-2: Ball
2-2: Ground out 4-3 (Groundball, 4)
Batting: RHB Ryan McBride 0-0: Ball
1-0: Foul Ball, location: 2F
1-1: Ball
2-1: Ground out 6-3 (Groundball, 6)
Pinch Hitting: LHB Ed Hart 0-0: Called Strike
0-1: Swinging Strike
0-2: Ball
1-2: Ball
2-2: Foul Ball, location: 2F
2-2: Foul Ball, location: 2F
2-2: Strikes out swinging
Top of the 9th over - 0 run(s), 0 hit(s), 0 error(s), 0 left on base; Tuscaloosa 9 - Topeka 10
Monday, December 5th, 2016 - OOTP Baseball 17.12 Build 75